 Dungeon Crawl Stone Soup version 0.30-a0-457-g4b7bca3bfa (webtiles) character file.

Game seed: 15550628922149880686

34 Lobster4 the Caller (level 3, -3/25 HPs)
             Began as a Human Summoner on Dec 13, 2022.
             Slain by a goblin
             ... wielding a +0 club
             ... led by Robin
              (5 damage)
             ... on level 2 of the Dungeon.
             The game lasted 00:03:33 (1306 turns).

Lobster4 the Caller (Human Summoner)                Turns: 1306, Time: 00:03:34

Health: -3/25      AC:  2    Str:  8    XL:     3   Next: 50%
Magic:  3/6        EV: 12    Int: 17    God:
Gold:   64         SH:  0    Dex: 13    Spells: 3/6 levels left

rFire   . . .      SeeInvis .    a - +2 dagger (venom)
rCold   . . .      Faith    .    (no shield)
rNeg    . . .      Spirit   .    d - +0 robe
rPois   .          Reflect  .    (no helmet)
rElec   .          Harm     .    (no cloak)
rCorr   .          Rampage  .    (no gloves)
Will    .....                    (no boots)
Stlth   ++........               (no amulet)
HPRegen 0.24/turn                (no ring)
MPRegen 0.10/turn                (no ring)

@: mighty, flying
A: no striking features
a: no special abilities


You were on level 2 of the Dungeon.
You visited 1 branch of the dungeon, and saw 2 of its levels.

You collected 64 gold pieces.

Inventory:

Hand Weapons
 a - a +2 dagger of venom (weapon)
Armour
 d - a +0 robe (worn)
 m - a +2 tower shield
Scrolls
 c - a scroll of teleportation {unknown}
 e - 4 scrolls of identify {unknown}
 h - 3 scrolls of fear {unknown}
 j - a scroll of immolation {unknown}
 k - a scroll of fog {unknown}
 l - a scroll of enchant weapon {unknown}
 n - a scroll of poison {unknown}
Potions
 b - a potion of magic
 f - 2 potions of flight
 g - a potion of berserk rage {unknown}
 i - a potion of curing {unknown}


   Skills:
 + Level 0.5 Fighting
 + Level 0.6 Short Blades
 + Level 0.5 Armour
 + Level 2.1 Dodging
 + Level 2.3 Stealth
 + Level 0.1 Shields
 + Level 2.1 Spellcasting
 * Level 4.3 Summonings


You had 3 spell levels left.
You knew the following spells:

 Your Spells              Type           Power      Damage    Failure   Level
a - Summon Small Mammal   Summ           64%        N/A       3%          1
b - Call Imp              Summ           16%        N/A       4%          2

Your spell library contained the following spells:

 Spells                   Type           Power      Damage    Failure   Level
 Call Canine Familiar     Summ           16%        N/A       10%         3
 Foxfire                  Conj/Fire      4%         2x1d4     19%         1
 Freeze                   Ice            4%         1d3       19%         1
 Summon Guardian Golem    Hex/Summ       9%         N/A       24%         3
 Frozen Ramparts          Ice            2%         1d1       50%         3
 Hailstorm                Conj/Ice       1%         3d3       50%         3
 Summon Lightning Spire   Summ/Air       9%         N/A       61%         4
 Fireball                 Conj/Fire      0%         3d3       99%         5
 Starburst                Conj/Fire      0%         6d3       100%        6


Dungeon Overview and Level Annotations

Branches:
Dungeon (2/15)

Altars:

Annotations:
D:2 Robin


Message History

Roots grab your shadow imp. Roots grab your quokka.
Robin is unaffected.
The grasping roots grab you!
The grasping roots constrict your shadow imp.
The grasping roots constrict your quokka.
Your quokka dies!
Your quokka's corpse disappears in a puff of smoke!
The grasping roots constrict you.
Your shadow imp hits Robin but does no damage.
The goblin shoots a sling bullet.
The sling bullet hits your rat.
Your rat dies!
Your rat's corpse disappears in a puff of smoke!
Robin hits your shadow imp but does no damage.
The grasping roots constrict your shadow imp.
The grasping roots constrict you.
* * * LOW HITPOINT WARNING * * *
Your shadow imp hits Robin but does no damage.
The grasping roots release their grip on you.
Your shadow imp is being constricted!
Unknown command.
You hit the goblin.
You kill the goblin!
The goblin shoots a sling bullet.
The sling bullet hits you.
* * * LOW HITPOINT WARNING * * *
Robin roars a battlecry!
The goblins go into a battle-frenzy!
The grasping roots constrict your shadow imp.
Your shadow imp dies!
Your shadow imp disappears in a puff of smoke!
It was a potion of flight.
You feel very buoyant.
You fly up into the air.
It was a potion of might.
You feel very mighty all of a sudden. The goblin hits you but does no damage.
The goblin barely misses you. Robin closely misses you.
The goblin attacks as you move away! The goblin barely misses you.
Robin attacks as you move away! Robin barely misses you.
The goblin hits you with a +0 club.
You die...

.#####.#.........##......##
## ##...#.###..........# #
#.....# #...#.#.#.## #
.....# #.........# ##
#.....# #.........# ####
.## #.....# #§#.#.#.###
##... ..##
#....)###g#.#.#..## ##....
..[#
..>g.g§g#.#.#...####.....
...+
......gg@..........'.....
g..#
..#.###.###.#...####.....
..## #. #.# #.##†## ##....
.## # #.# #...## ##... ##
#.# ###># ##.. # #.# #.#
##' ..# #.# #. ### #.# #.
#.#### ##.


You could see Robin (very poisoned), a hobgoblin and 4 goblins.

Vanquished Creatures
  A dart slug (D:2)
  A bat (D:1)
  An endoplasm (D:1)
  2 giant cockroaches
  4 hobgoblins
  2 jackals (D:1)
  2 quokkas
  5 goblins
  A rat (D:2)
19 creatures vanquished.

Vanquished Creatures (collateral kills)
  A dart slug (D:1)
  An endoplasm (D:1)
  3 hobgoblins (D:1)
  A frilled lizard (D:2)
6 creatures vanquished.

Grand Total: 25 creatures vanquished

Notes
Turn   | Place    | Note
-------+----------+-------------------------------------------
     0 | D:1      | Lobster4 the Human Summoner began the quest for the Orb.
     0 | D:1      | Reached XP level 1. HP: 13/13 MP: 3/3
   138 | D:1      | Reached XP level 2. HP: 19/19 MP: 3/5
   143 | D:1      | Learned a level 2 spell: Call Imp
   849 | D:2      | Noticed Robin
   856 | D:1      | Reached XP level 3. HP: 20/25 MP: 6/6
  1303 | D:2      | HP: 1/25 [goblin/sling bullet[Robin] (6)]
  1306 | D:2      | Slain by a goblin

Illustrated notes

Levels and vault maps discovered:
D:1:      dpeg_arrival_round_a, layout_loops_cross, minmay_heptomino_d4
D:2:      layout_loops_corners, uniq_crazy_yiuf_cottage, uniq_robin

Action                   || total
-------------------------++-------
Melee: Dagger            ||    37
       Unarmed           ||     1
 Cast: Summon Small Mamm ||    23
       Call Imp          ||     3
  Use: Potion            ||     2
 Stab: Sleeping          ||     1
Armor: Robe              ||     6
Dodge: Dodged            ||    32

Table legend: (Time is in decaauts)
 A = Elapsed time spent in this place.
 B = Non-inter-level travel time spent in this place.
 C = Inter-level travel time spent in this place.
 D = Time resting spent in this place.
 E = Time spent auto-exploring this place.
 F = Levels seen in this place.
 G = Mean time per level.
                   A        B        C        D        E       F      G
               +--------+--------+--------+--------+--------+-----+--------+
         Total |   1304 |   1211 |     93 |      0 |    966 |   2 |  652.0 |
       Dungeon |   1304 |   1211 |     93 |      0 |    966 |   2 |  652.0 |
               +--------+--------+--------+--------+--------+-----+--------+

Top non-repeatable levels by time:
     D:1: 918 daAuts
     D:2: 386 daAuts
